 Dungeon Crawl Stone Soup version 0.30-a0-870-gc5d4c5acee (webtiles) character file.

Game seed: 3218597080040659811

538 cforsyth the Trooper (level 7, -5/57 HPs)
             Began as a Barachi Fighter on Mar 12, 2023.
             Slain by a gnoll sergeant
             ... wielding a +0 trident
              (6 damage)
             ... on level 4 of the Dungeon.
             The game lasted 00:04:41 (3279 turns).

cforsyth the Trooper (Barachi Fighter)              Turns: 3279, Time: 00:04:42

Health: -5/57      AC: 11    Str: 19    XL:     7   Next: 26%
Magic:  7/7        EV:  9    Int:  8    God:
Gold:   109        SH:  5    Dex: 12    Spells: 6/6 levels left

rFire   . . .      SeeInvis .    a - +0 war axe
rCold   . . .      Faith    .    c - +0 buckler
rNeg    . . .      Spirit   .    b - +0 scale mail
rPois   .          Reflect  .    D - +0 helmet
rElec   .          Rampage  .    (no cloak)
rCorr   .                        C - +0 pair of gloves
Will    .....                    r - +0 pair of boots Stlth
                                 (no amulet)
HPRegen 0.29/turn                (no ring)
MPRegen 0.10/turn                (no ring)

@: flying, slow
A: amphibious, slowness 1, strong legs 1, +LOS
a: Hop


You were on level 4 of the Dungeon.
You visited 1 branch of the dungeon, and saw 4 of its levels.

You collected 109 gold pieces.

Inventory:

Hand Weapons
 a - a +0 war axe (weapon)
Missiles
 n - a throwing net
Armour
 b - a +0 scale mail (worn)
 c - a +0 buckler (worn)
 r - a +0 pair of boots (worn)
 C - a +0 pair of gloves (worn)
 D - a +0 helmet (worn)
Wands
 x - a wand of digging (4)
Scrolls
 e - a scroll of immolation {unknown}
 f - 10 scrolls of identify {unknown}
 g - 2 scrolls of magic mapping {unknown}
 k - a scroll of fog {unknown}
 l - a scroll of enchant armour {unknown}
 m - a scroll of blinking {unknown}
 o - 4 scrolls of amnesia {unknown}
 q - a scroll of fear {unknown}
 s - a scroll of enchant weapon {unknown}
 v - a scroll of vulnerability {unknown}
 y - a scroll of silence {unknown}
 A - 3 scrolls of noise {unknown}
 B - a scroll of teleportation {unknown}
Potions
 d - a potion of might
 h - a potion of berserk rage {unknown}
 i - 2 potions of curing {unknown}
 j - a potion of attraction {unknown}
 p - a potion of flight
 t - a potion of lignification {unknown}
 u - a potion of degeneration {unknown}
 w - a potion of mutation {unknown}
 E - a potion of invisibility {unknown}
 F - a potion of cancellation {unknown}


   Skills:
 + Level 5.7 Fighting
 + Level 4.5 Axes
 + Level 5.7 Armour
 + Level 5.2 Shields


You had 6 spell levels left.
You didn't know any spells.
Your spell library was empty.

Dungeon Overview and Level Annotations

Branches:
Dungeon (4/15)
 Temple: D:4-7

Altars:

Annotations:
D:2 1 runed translucent door, Crazy Yiuf


Innate Abilities, Weirdness & Mutations

You are amphibious.
You cover ground slowly.
You can hop short distances.
You have an extended range of vision and can be seen from far away.


Message History

The gnoll sergeant hits you but does no damage.
The gnoll sergeant attacks as you move away!
The gnoll sergeant hits you but does no damage. x2
The gnoll sergeant hits you from afar with a +0 trident.
* * * LOW HITPOINT WARNING * * *
The gnoll sergeant hits you with a +0 trident.
* * * LOW HITPOINT WARNING * * *
The gnoll sergeant attacks as you move away!
The gnoll sergeant hits you with a +0 trident.
* * * LOW HITPOINT WARNING * * *
The gnoll sergeant hits you from afar with a +0 trident.
* * * LOW HITPOINT WARNING * * *
You bump into the rock wall.
The gnoll sergeant hits you but does no damage.
You're too confused to move!
The gnoll sergeant hits you from afar with a +0 trident!
* * * LOW HITPOINT WARNING * * *
The gnoll sergeant hits you with a +0 trident.
* * * LOW HITPOINT WARNING * * *
The gnoll sergeant blocks your attack.
The gnoll sergeant is almost dead.
You feel less invigorated.
You feel less confused. You block the gnoll sergeant's attack.
The gnoll sergeant hits you with a +0 trident.
* * * LOW HITPOINT WARNING * * *
You hit the gnoll sergeant but do no damage.
The gnoll sergeant is almost dead.
The gnoll sergeant closely misses you.
You hit the gnoll sergeant.
The gnoll sergeant is almost dead.
The gnoll sergeant hits you but does no damage.
You closely miss the gnoll sergeant.
The gnoll sergeant is almost dead.
The gnoll sergeant hits you with a +0 trident!
* * * LOW HITPOINT WARNING * * *
The gnoll sergeant blocks your attack.
The gnoll sergeant is almost dead.
The gnoll sergeant hits you with a +0 trident.
You die...

#.#####.####.#r$# #.##.#
#.....#.# #.#g$### ####.##.#
#######.# #.###..###.).....#
#.####†###. #....)....#
##..#.##.)# #.#.#...#.#
#†)#.##..###...##.##.#
######'#.####..#...#####.#
##.'....#.####g.#...#####.#
####..#.88.##...@###.........#
......#.88.####### #..#...##.#
#######....# #..#.####.#
###### ##..#.# #.#
#.....####.# #.>........#
#..######### #..#
###########..#


You could see a gnoll sergeant.

Vanquished Creatures
  An ogre (D:4)
  2 hounds (D:4)
  2 orc priests (D:4)
  Jessica (D:2)
  An iguana (D:4)
  Natasha (thrice) (D:2)
  An orc wizard (D:4)
  Robin (D:2)
  A gnoll (D:1)
  4 adders (D:3)
  An ufetubus (D:4)
  2 worms (D:2)
  2 dart slugs
  7 orcs
  4 ball pythons
  8 bats
  12 endoplasms
  A giant cockroach (D:2)
  17 hobgoblins
  3 jackals (D:2)
  7 kobolds
  4 quokkas
  3 frilled lizards
  14 goblins
  10 rats
112 creatures vanquished.

Vanquished Creatures (others)
  A fungus (D:2)
1 creature vanquished.

Grand Total: 113 creatures vanquished

Notes
Turn   | Place    | Note
-------+----------+-------------------------------------------
     0 | D:1      | cforsyth the Barachi Fighter began the quest for the Orb.
     0 | D:1      | Reached XP level 1. HP: 18/18 MP: 1/1
    75 | D:1      | Reached XP level 2. HP: 25/25 MP: 2/2
   287 | D:1      | Reached XP level 3. HP: 6/30 MP: 3/3
   702 | D:2      | Noticed Jessica
   705 | D:2      | Killed Jessica
   706 | D:2      | Reached XP level 4. HP: 38/38 MP: 4/4
   820 | D:2      | Found a runed translucent door.
   821 | D:2      | Noticed Crazy Yiuf
  1041 | D:2      | Noticed Robin
  1050 | D:2      | Reached XP level 5. HP: 9/43 MP: 5/5
  1054 | D:2      | Killed Robin
  1273 | D:2      | Noticed Natasha
  1283 | D:2      | Killed Natasha
  1462 | D:2      | Noticed Natasha
  1470 | D:2      | Killed Natasha
  1489 | D:2      | Noticed Natasha
  1494 | D:2      | Killed Natasha
  1713 | D:3      | Reached skill level 5 in Fighting
  1859 | D:3      | Reached XP level 6. HP: 49/51 MP: 6/6
  1955 | D:3      | Reached skill level 5 in Armour
  2857 | D:4      | Reached skill level 5 in Shields
  3217 | D:4      | Reached XP level 7. HP: 56/56 MP: 7/7
  3278 | D:4      | HP: 1/57 [gnoll sergeant/+0 trident (12)]
  3279 | D:4      | Slain by a gnoll sergeant

Illustrated notes

Levels and vault maps discovered:
D:1:      noname_arrival_rooms_in_the_neighbourhood, layout_basic
D:2:      layout_basic, fountainhead, uniq_crazy_yiuf_cottage, uniq_robin,
          uniq_natasha, uniq_jessica
D:3:      layout_loops_ring
D:4:      minmay_chambers_of_fours, layout_loops_ring

Skill      XL: |  1  2  3  4  5  6 |
---------------+-------------------+-----
Armour         | 4 5 |  5.7
Fighting       | 4 5 |  5.7
Axes           | 3 4 |  4.5
Shields        | 4 5 |  5.2

Action                     |  1- 3 |  4- 6 |  7- 9 || total
---------------------------+-------+-------+-------++-------
  Melee: War axe           |    86 |   213 |    29 ||   328
    Use: Potion            |       |       |     3 ||     3
 Armour: Scale mail        |    50 |   133 |    18 ||   201
  Dodge: Dodged            |    51 |   117 |    10 ||   178
  Block: Buckler           |    21 |    60 |     7 ||    88

Table legend: (Time is in decaauts)
 A = Elapsed time spent in this place.
 B = Non-inter-level travel time spent in this place.
 C = Inter-level travel time spent in this place.
 D = Time resting spent in this place.
 E = Time spent auto-exploring this place.
 F = Levels seen in this place.
 G = Mean time per level.
                   A        B        C        D        E       F      G
               +--------+--------+--------+--------+--------+-----+--------+
         Total |   3869 |   3719 |    150 |      0 |   2908 |   4 |  967.2 |
       Dungeon |   3869 |   3719 |    150 |      0 |   2908 |   4 |  967.2 |
               +--------+--------+--------+--------+--------+-----+--------+

Top non-repeatable levels by time:
     D:2: 1216 daAuts
     D:4: 1105 daAuts
     D:1: 793 daAuts
     D:3: 754 daAuts
